 Dungeon Crawl Stone Soup version 0.32-a0-893-gf85d74f360 (webtiles) character file.

Game seed: 3386321199644489941

228 GiantSquids the Shooter (level 6, -1/44 HPs)
             Began as a Coglin Hunter on Apr 3, 2024.
             Slain by a lemure (5 damage)
             ... led by Pikel
             ... on level 3 of the Dungeon.
             The game lasted 00:03:25 (2042 turns).

GiantSquids the Shooter (Coglin Hunter)             Turns: 2042, Time: 00:03:26

Health: -1/44      AC:  6    Str: 12    XL:     6   Next: 2%
Magic:  6/6        EV: 11    Int:  8    God:
Gold:   227        SH:  0    Dex: 19    Spells: 5/5 levels left

rFire   . . .        a - +2 sling {Njabulo}
rCold   . . .        d - +0 sling {Masataka}
rNeg    . . .        c - +0 leather armour
rPois   .            (no helmet)
rElec   .            (no cloak)
rCorr   .            (no gloves)
SInv    .            n - +2 pair of boots
Will    .....        (amulet unavailable)
Stlth   ++           (ring unavailable)
HPRegen 0.27/turn    (ring unavailable)
MPRegen 0.10/turn    (no gizmo)

%: no passive effects
@: revved
A: off-hand wielding, slow wielding, warmup strikes, no jewellery
a: Invent Gizmo


You were on level 3 of the Dungeon.
You visited 1 branch of the dungeon, and saw 4 of its levels.

You collected 227 gold pieces.

Inventory:

Hand Weapons
 a - a +2 sling (weapon) {Njabulo}
 d - a +0 sling (offhand) {Masataka}
Missiles
 e - 2 throwing nets
Armour
 c - a +0 leather armour (worn)
 n - a +2 pair of boots (worn)
Scrolls
 b - a scroll of butterflies
 f - 6 scrolls of identify {unknown}
 h - 2 scrolls of teleportation {unknown}
Potions
 g - a potion of resistance {unknown}
 i - 2 potions of enlightenment {unknown}
 j - 2 potions of might {unknown}
 k - 3 potions of attraction {unknown}
 l - a potion of berserk rage {unknown}
 m - a potion of heal wounds {unknown}


   Skills:
 - Level 2.0 Fighting
 + Level 6.4 Ranged Weapons
 - Level 1.7 Dodging
 - Level 0.7 Stealth


You had 5 spell levels left.
You didn't know any spells.
Your spell library contained the following spells:

 Spells                   Type           Power      Damage    Failure   Level
 Magic Dart               Conj           0%         1d3       50%         1
 Searing Ray              Conj           0%         2d4       63%         2
 Inner Flame              Hex/Fire       0%         N/A       86%         3
 Flame Wave               Conj/Fire      0%         2d4       99%         4
 Fulminant Prism          Conj/Alch      0%         3d5       99%         4
 Sticky Flame             Fire/Alch      0%         2d4       99%         4


Dungeon Overview and Level Annotations

Branches:
Dungeon (4/15)
 Temple: D:4-7

Altars:
Fedhas

Annotations:
D:4 Pikel


Innate Abilities, Weirdness & Mutations

You can wield a second weapon in your off-hand.
It takes a long time for you to wield or remove held weapons.
Your first few attacks do less damage.
You cannot equip rings or amulets.


Message History

The sling bullet hits the lemure but does no damage.
The lemure is almost dead.
The lemure misses you. The lemure barely misses you.
You shoot a sling bullet.
The sling bullet hits the lemure but does no damage.
The lemure is almost dead.
You shoot a sling bullet. The sling bullet hits the lemure!
You kill the lemure!
That felt strangely unrewarding.
The lemure closely misses you.
You shoot a sling bullet. The sling bullet hits the lemure.
The lemure is lightly wounded.
You shoot a sling bullet. The sling bullet hits the lemure.
The lemure is lightly wounded.
The lemure misses you.
You shoot a sling bullet.
The sling bullet hits the lemure but does no damage.
The lemure is lightly wounded.
You shoot a sling bullet.
The sling bullet closely misses the lemure.
The lemure closely misses you. x2
You shoot a sling bullet.
The sling bullet closely misses the lemure.
You shoot a sling bullet. The sling bullet hits the lemure!
The lemure is moderately wounded.
The lemure hits you!
* * * LOW HITPOINT WARNING * * *
You shoot a sling bullet. The sling bullet hits the lemure.
The lemure is moderately wounded.
You shoot a sling bullet.
The sling bullet hits the lemure but does no damage.
The lemure is moderately wounded.
The lemure hits you.
* * * LOW HITPOINT WARNING * * *
You shoot a sling bullet. The sling bullet hits the lemure.
The lemure is heavily wounded.
You shoot a sling bullet.
The sling bullet hits the lemure but does no damage.
The lemure is heavily wounded.
The lemure hits you.
You die...

#........ #........ #####
#........ ##########...#
####.###. ##.....#......#
#####.......
##.............#####....>#.....
#.......^............#####..###
#.......÷.<...5................
#.............@.##########.....
#...............# #....>....
#...............# #...###...
##.............## ##### #...
##.............##### ####...
######.##.........#####..†...
#.##...............##...
#.##..........#######...
#..#...<.....## #.##


You could see a lemure.

Vanquished Creatures
  2 lemures
  A bombardier beetle (D:4)
  A hound (D:4)
  An iguana (D:4)
  3 gnolls (D:4)
  3 adders (D:3)
  3 ribbon worms (D:3)
  A dart slug (D:3)
  An orc (D:4)
  8 endoplasms
  2 giant cockroaches
  4 goblins
  7 hobgoblins
  4 quokkas
  9 ball pythons
  6 bats
  4 frilled lizards
  8 kobolds
  6 rats
74 creatures vanquished.

Notes
Turn   | Place    | Note
-------+----------+-------------------------------------------
     0 | D:1      | GiantSquids the Coglin Hunter began the quest for the Orb.
     0 | D:1      | Reached XP level 1. HP: 16/16 MP: 1/1
   150 | D:1      | Reached skill level 4 in Ranged Weapons
   150 | D:1      | Reached XP level 2. HP: 22/22 MP: 2/2
   695 | D:2      | Reached XP level 3. HP: 24/27 MP: 3/3
  1177 | D:3      | Found a blossoming altar of Fedhas.
  1209 | D:3      | Reached skill level 5 in Ranged Weapons
  1209 | D:3      | Reached XP level 4. HP: 30/33 MP: 4/4
  1353 | D:3      | Identified the serpent talisman of the Morning Star {Will++
                  | Slay-5}
  1686 | D:4      | Reached XP level 5. HP: 38/38 MP: 5/5
  1848 | D:4      | Reached skill level 6 in Ranged Weapons
  2005 | D:4      | Reached XP level 6. HP: 44/44 MP: 6/6
  2016 | D:4      | Noticed Pikel
  2042 | D:3      | Slain by a lemure

Illustrated notes

Levels and vault maps discovered:
D:1:      scummos_arrival_checkerplants, layout_basic, feat_on_display
D:2:      layout_rooms, minmay_tetromino_l4
D:3:      layout_rooms, fedhas_altar_3, dk_noncrumbling_3, minmay_box_of_dots
D:4:      layout_basic, gammafunk_temple_overflow_statue, uniq_pikel

Skill      XL: |  1  2  3  4  5 |
---------------+----------------+-----
Ranged Weapons | 4 5 6 |  6.4
Fighting       | |  2.0
Dodging        | |  1.7
Stealth        | |  0.7

Action                     |  1- 3 |  4- 6 || total
---------------------------+-------+-------++-------
   Fire: Sling             |   168 |   206 ||   374
 Armour: Leather armour    |    21 |    26 ||    47
  Dodge: Dodged            |    24 |    18 ||    42

Table legend: (Time is in decaauts)
 A = Elapsed time spent in this place.
 B = Non-inter-level travel time spent in this place.
 C = Inter-level travel time spent in this place.
 D = Time resting spent in this place.
 E = Time spent auto-exploring this place.
 F = Levels seen in this place.
 G = Mean time per level.
                   A        B        C        D        E       F      G
               +--------+--------+--------+--------+--------+-----+--------+
         Total |   2077 |   2039 |     38 |      0 |   1657 |   4 |  519.2 |
       Dungeon |   2077 |   2039 |     38 |      0 |   1657 |   4 |  519.2 |
               +--------+--------+--------+--------+--------+-----+--------+

Top non-repeatable levels by time:
     D:1: 672 daAuts
     D:3: 547 daAuts
     D:2: 496 daAuts
     D:4: 360 daAuts
